 Dungeon Crawl Stone Soup version 0.29-a0-845-g6161e89988 (webtiles) character file.

Game seed: 14356680492139978170

2385 kahlion the Cleaver (level 9, -4/79 HPs)
             Began as a Minotaur Berserker on July 15, 2022.
             Was an Elder of Trog.
             Killed from afar by an electric eel (12 damage)
             ... with a bolt of electricity
             ... on level 7 of the Dungeon.
             The game lasted 00:17:23 (7650 turns).

kahlion the Cleaver (Minotaur Berserker)            Turns: 7650, Time: 00:17:24

Health: -4/79      AC: 10    Str: 26    XL:     9   Next: 22%
Magic:  8/8        EV: 13    Int:  4    God:    Trog [****..]
Gold:   450        SH:  0    Dex: 10    Spells: 8/8 levels left

rFire   . . .      SeeInvis +   a - +0 hand axe
rCold   . . .      Faith    .   (no shield)
rNeg    . . .      Spirit   .   g - +0 ring mail
rPois   .          Reflect  .   (helmet restricted)
rElec   .          Harm     .   k - +0 cloak
rCorr   .          Rampage  .   C - +1 pair of gloves
Will    .....                   (no boots)
Stlth   ..........              (no amulet)
HPRegen 0.23/turn               y - ring of see invisible
MPRegen 0.11/turn               (no ring)

@: no status effects
A: horns 2, retaliatory headbutt
a: Renounce Religion, Berserk, Trog's Hand, Brothers in Arms


You were on level 7 of the Dungeon.
You worshipped Trog.
Trog was greatly pleased with you.
You visited 1 branch of the dungeon, and saw 7 of its levels.

You collected 450 gold pieces.

Inventory:

Hand Weapons
 a - a +0 hand axe (weapon)
 s - a +2 dagger of holy wrath
Missiles
 c - 61 stones (quivered)
 m - 17 poisoned darts
Armour
 g - a +0 ring mail (worn)
 j - a +1 leather armour of willpower
 k - a +0 cloak (worn)
 v - a scarf of shadows
 C - a +1 pair of gloves (worn)
 E - +0 steam dragon scales
Jewellery
 y - a ring of see invisible (left hand)
Wands
 B - a wand of acid (21)
 D - a wand of charming (9)
Scrolls
 d - a scroll of silence {unknown}
 e - a scroll of enchant weapon {unknown}
 f - a scroll of immolation {unknown}
 i - 2 scrolls of enchant armour {unknown}
 n - 2 scrolls of fear {unknown}
 o - 2 scrolls of identify {unknown}
 q - 2 scrolls of teleportation {unknown}
 w - a scroll of vulnerability {unknown}
 x - a scroll of summoning {unknown}
 z - a scroll of amnesia {unknown}
 A - a scroll of poison {unknown}
Potions
 b - a potion of invisibility {unknown}
 h - 4 potions of curing {unknown}
 l - 2 potions of attraction {unknown}
 p - 2 potions of heal wounds {unknown}
 r - 2 potions of brilliance {unknown}
 t - a potion of flight {unknown}
 u - a potion of magic {unknown}


   Skills:
 + Level 7.6 Fighting
 * Level 10.1 Axes
 + Level 6.9 Armour
 + Level 6.4 Dodging


You had 8 spell levels left.
You didn't know any spells.
Your spell library was empty.

Dungeon Overview and Level Annotations

Branches:
Dungeon (7/15)             Temple (0/1) D:4

Altars:
Okawaru
Sif Muna

Shops:
D:5 *


Innate Abilities, Weirdness & Mutations

You have a pair of horns on your head.
You reflexively headbutt those who attack you in melee.


Message History

An electric eel comes into view.
You enter the shallow water.
Moving in this stuff is going to be slow.
You miss the electric eel. You slash the plant!
The plant begins to die.
The electric eel shoots out a bolt of lightning at you!
The bolt of electricity hits you! The bolt of electricity hits you.
The bolt of electricity misses the electric eel.
You miss the electric eel. You hit the plant. You hit the electric eel.
The electric eel is moderately wounded.
You slash the plant! You closely miss the electric eel.
The electric eel is moderately wounded.
You hit the plant.
Your unstable footing causes you to fumble your attack.
Your unstable footing causes you to fumble your attack.
A nearby plant withers and dies.
You closely miss the electric eel. Your headbutt misses the electric eel.
The electric eel is moderately wounded.
The electric eel shoots out a bolt of lightning at you!
The bolt of electricity hits you. The bolt of electricity hits you!
The bolt of electricity hits the electric eel.
The electric eel completely resists.
Your unstable footing causes you to fumble your attack.
Your unstable footing causes you to fumble your attack.
Your unstable footing causes you to fumble your attack.
The electric eel shoots out a bolt of lightning at you!
The bolt of electricity hits you. The bolt of electricity hits you!
The bolt of electricity hits the electric eel.
The electric eel completely resists.
You miss the electric eel.
The electric eel is moderately wounded.
The electric eel shoots out a bolt of lightning at you!
The bolt of electricity hits you! x2
* * * LOW HITPOINT WARNING * * *
The bolt of electricity hits the electric eel.
The electric eel completely resists.
The electric eel shoots out a bolt of lightning at you!
The bolt of electricity hits you!
You die...

.......# ...
##......##...
#####..♣..P.....#
.....P≈≈≈≈≈≈≈P..#
....♣≈≈.≈.≈.....#
...P≈.≈≈≈≈≈≈.≈♣.#
....≈≈♣≈≈≈≈≈≈≈...
....≈≈≈≈S@≈≈≈♣..
....P≈≈≈≈≈.≈≈...#
(...............#
........##......#
#### #######.#
####### ...# #.#
##.# #.# #.# #.#
#.# #.#


You could see an electric eel.

Vanquished Creatures
  A steam dragon (D:7)
  3 water moccasins
  An ice beast (D:5)
  3 ogres
  A centaur (D:7)
  2 phantoms (D:5)
  2 bullfrogs
  2 kobold brigands
  A gnoll sergeant (D:6)
  2 necrophages
  4 scorpions
  A howler monkey (D:6)
  8 hounds
  2 orc priests
  An iguana (D:5)
  3 orc wizards
  3 gnolls (D:6)
  9 adders
  A white imp (D:6)
  2 ufetubi
  A worm (D:5)
  5 dart slugs
  22 orcs
  10 endoplasms
  2 giant cockroaches
  6 goblins
  11 hobgoblins
  2 jackals (D:2)
  4 quokkas
  9 ball pythons
  4 bats
  5 frilled lizards
  13 kobolds
  7 rats
153 creatures vanquished.

Vanquished Creatures (others)
  A plant (D:7)
1 creature vanquished.

Grand Total: 154 creatures vanquished

Notes
Turn   | Place    | Note
-------+----------+-------------------------------------------
     0 | D:1      | kahlion the Minotaur Berserker began the quest for the Orb.
     0 | D:1      | Reached XP level 1. HP: 19/19 MP: 0/0
   347 | D:1      | Reached XP level 2. HP: 19/27 MP: 1/1
   348 | D:1      | Reached skill level 4 in Axes
   960 | D:1      | Reached XP level 3. HP: 33/33 MP: 2/2
  1179 | D:1      | Reached ** piety under Trog
  2179 | D:2      | Reached XP level 4. HP: 41/41 MP: 3/3
  2442 | D:3      | Reached skill level 5 in Axes
  2559 | D:3      | Reached XP level 5. HP: 46/47 MP: 4/4
  3157 | D:4      | Found a shimmering blue altar of Sif Muna.
  3494 | D:4      | Noticed an ogre
  3495 | D:4      | Reached *** piety under Trog
  3517 | D:4      | Reached skill level 5 in Fighting
  3536 | D:4      | Killed an ogre
  3537 | D:4      | Reached skill level 6 in Axes
  3537 | D:4      | Reached XP level 6. HP: 56/56 MP: 5/5
  3617 | D:4      | Found a staircase to the Ecumenical Temple.
  3966 | D:5      | Entered Level 5 of the Dungeon
  3966 | D:5      | Noticed a water moccasin
  3996 | D:5      | Killed a water moccasin
  3997 | D:5      | Reached XP level 7. HP: 61/61 MP: 6/6
  4406 | D:5      | Reached skill level 7 in Axes
  4678 | D:5      | Reached skill level 5 in Armour
  5055 | D:5      | Reached skill level 8 in Axes
  5055 | D:5      | Reached skill level 5 in Dodging
  5055 | D:5      | Reached XP level 8. HP: 62/70 MP: 7/7
  5259 | D:5      | Found Holur's Gadget Gallery.
  5979 | D:6      | Reached skill level 9 in Axes
  6480 | D:6      | Found an iron altar of Okawaru.
  7335 | D:7      | Reached XP level 9. HP: 62/79 MP: 8/8
  7522 | D:7      | Reached skill level 10 in Axes
  7527 | D:7      | Reached **** piety under Trog
  7650 | D:7      | Killed from afar by an electric eel

Illustrated notes

Levels and vault maps discovered:
D:1:      matt_arrival_diagonals, layout_loops_ring, chequers_jeans,
          minmay_shallow_snake_nest
D:2:      layout_basic
D:3:      layout_loops_ring, nicolae_figureground_pulse
D:4:      layout_basic, mainiacjoe_overflow_brackets, minmay_temple_entry_grid
D:5:      layout_rooms, hangedman_abyss_or_decor_lesser_grid,
          nicolae_shop_gadgets
D:6:      layout_gridville, okawaru_gym_becter
D:7:      layout_basic, serial_bayou, serial_bayou_pond_b,
          serial_bayou_crossing, serial_bayou_pond_b, serial_bayou_lagoon_b,
          serial_shops, shop, uniq_menkaure, uniq_maggie

Skill      XL: |  1  2  3  4  5  6  7  8  9 |
---------------+----------------------------+-----
Fighting       | 4 5 6 7 |  7.6
Axes           | 4 5 6 8 9 10 | 10.1
Armour         | 3 4 5 6 |  6.9
Dodging        | 3 4 5 6 |  6.4

Action                   |  1- 3 |  4- 6 |  7- 9 || total
-------------------------+-------+-------+-------++-------
Melee: Hand axe          |    92 |   111 |   190 ||   393
       Headbutt          |    12 |    15 |    33 ||    60
       Punch             |       |     2 |     1 ||     3
Invok: Berserk           |       |     3 |     3 ||     6
Armor: Animal skin       |     3 |       |       ||     3
       Ring mail         |    20 |    41 |    69 ||   130
Dodge: Dodged            |    53 |    66 |   111 ||   230

Table legend: (Time is in decaauts)
 A = Elapsed time spent in this place.
 B = Non-inter-level travel time spent in this place.
 C = Inter-level travel time spent in this place.
 D = Time resting spent in this place.
 E = Time spent auto-exploring this place.
 F = Levels seen in this place.
 G = Mean time per level.
                   A        B        C        D        E       F      G
               +--------+--------+--------+--------+--------+-----+--------+
         Total |   7698 |   7526 |    172 |   2729 |   3067 |   7 | 1099.7 |
       Dungeon |   7698 |   7526 |    172 |   2729 |   3067 |   7 | 1099.7 |
               +--------+--------+--------+--------+--------+-----+--------+

Top non-repeatable levels by time:
     D:6: 1674 daAuts
     D:5: 1364 daAuts
     D:1: 1337 daAuts
     D:2: 998 daAuts
     D:4: 869 daAuts
     D:3: 807 daAuts
     D:7: 647 daAuts
